[ AOE2 MATCH · #475747329 ]
UnrankedItalians vs Franks
[ REPLAY ANALYSIS · EXTRACTED FROM THE RECORDED GAME ]
Feudal
—
Castle
—
Imperial
—
| APM avg | 4.6 |
| APM peak | 23 |
| eAPM avg | 2.7 |
| Villagers / military | 5 / 0 |
Focus
⚔️ 10.0% · 🌾 90.0%
Feudal
—
Castle
—
Imperial
—
| APM avg | 16.3 |
| APM peak | 49 |
| eAPM avg | 4.4 |
| Villagers / military | 8 / 0 |
Focus
⚔️ 0.0% · 🌾 100.0%
Feudal
—
Castle
—
Imperial
—
| APM avg | 47.6 |
| APM peak | 62 |
| eAPM avg | 14.4 |
| Villagers / military | 15 / 0 |
Focus
⚔️ 38.0% · 🌾 62.0%
Feudal
—
Castle
—
Imperial
—
| APM avg | 63.3 |
| APM peak | 82 |
| eAPM avg | 14.6 |
| Villagers / military | 21 / 0 |
Focus
⚔️ 9.2% · 🌾 90.8%
Feudal
—
Castle
—
Imperial
—
| APM avg | 73.0 |
| APM peak | 95 |
| eAPM avg | 20.3 |
| Villagers / military | 25 / 0 |
Focus
⚔️ 22.2% · 🌾 77.8%
Feudal
—
Castle
—
Imperial
—
| APM avg | 38.1 |
| APM peak | 78 |
| eAPM avg | 15.2 |
| Villagers / military | 20 / 0 |
Focus
⚔️ 1.4% · 🌾 98.6%
Feudal
—
Castle
—
Imperial
—
| APM avg | 26.5 |
| APM peak | 74 |
| eAPM avg | 13.8 |
| Villagers / military | 4 / 0 |
Focus
⚔️ 0.0% · 🌾 100.0%
Feudal
—
Castle
—
Imperial
—
| APM avg | 22.2 |
| APM peak | 73 |
| eAPM avg | 5.9 |
| Villagers / military | 10 / 0 |
Focus
⚔️ 0.0% · 🌾 100.0%
Match map
Initial resources + every placement click. Lines = walls · curves = elevation contours. ◆ gold · ⬟ stone · ● berries · ✦ relic · ◌ wall gap
Your base
下雨天。。。。's base
MrWrong's base
sevaslav's base
-Syrus Neu-'s base
Sir Monkey's base
PoliteOil's base
PEPPA's base
Smoothed initial terrain · ◌ = detected wall gap · hover for details
Inputs per minute
— JERRY - - 下雨天。。。。
Build order — JERRY
6 actions detected in the replay
| 0:03 | Create | Villager (Male) |
| 0:04 | Create | Villager (Male) |
| 0:04 | Create | Villager (Male) |
| 0:04 | Create | Villager (Male) |
| 0:04 | Create | Villager (Male) |
| 0:06 | Build | House |
Build order — 下雨天。。。。
11 actions detected in the replay
| 0:01 | Create | Villager (Male) |
| 0:02 | Create | Villager (Male) |
| 0:03 | Build | House |
| 0:04 | Build | House |
| 0:10 | Create | Villager (Male) |
| 0:11 | Create | Villager (Male) |
| 0:11 | Create | Villager (Male) |
| 1:27 | Create | Villager (Male) |
| 1:27 | Create | Villager (Male) |
| 1:50 | Build | Lumber Camp |
| 1:54 | Create | Villager (Male) |
Build order — MrWrong
19 actions detected in the replay
| 0:01 | Create | Villager (Male) |
| 0:02 | Create | Villager (Male) |
| 0:02 | Create | Villager (Male) |
| 0:03 | Build | House |
| 0:04 | Build | House |
| 0:23 | Create | Villager (Male) |
| 1:30 | Create | Villager (Male) |
| 1:51 | Create | Villager (Male) |
| 2:13 | Build | Lumber Camp |
| 2:30 | Create | Villager (Male) |
| 2:44 | Create | Villager (Male) |
| 2:56 | Create | Villager (Male) |
| 3:16 | Create | Villager (Male) |
| 3:28 | Build | House |
| 3:47 | Create | Villager (Male) |
| 4:02 | Create | Villager (Male) |
| 4:17 | Create | Villager (Male) |
| 4:59 | Create | Villager (Male) |
| 5:01 | Create | Villager (Male) |
Build order — sevaslav
20 actions detected in the replay
| 0:01 | Create | Villager (Male) ×4 |
| 0:03 | Build | House |
| 0:04 | Build | House |
| 1:27 | Create | Villager (Male) |
| 1:47 | Create | Villager (Male) |
| 1:47 | Create | Villager (Male) |
| 2:31 | Create | Villager (Male) ×2 |
| 2:31 | Create | Villager (Male) ×2 |
| 2:58 | Create | Villager (Male) |
| 2:59 | Create | Villager (Male) |
| 3:22 | Create | Villager (Male) |
| 3:22 | Create | Villager (Male) |
| 3:26 | Create | Villager (Male) |
| 3:35 | Create | Villager (Male) |
| 4:01 | Build | Lumber Camp |
| 4:04 | Build | House |
| 4:07 | Create | Villager (Male) |
| 4:08 | Create | Villager (Male) |
| 4:36 | Create | Villager (Male) |
| 4:36 | Create | Villager (Male) |
Build order — -Syrus Neu-
31 actions detected in the replay
| 0:02 | Create | Villager (Male) |
| 0:02 | Create | Villager (Male) |
| 0:02 | Create | Villager (Male) |
| 0:02 | Create | Villager (Male) |
| 0:03 | Create | Villager (Male) |
| 0:04 | Build | House |
| 0:05 | Build | House |
| 1:35 | Create | Villager (Male) |
| 1:35 | Create | Villager (Male) |
| 1:53 | Create | Villager (Male) |
| 1:54 | Create | Villager (Male) |
| 2:01 | Build | Lumber Camp |
| 2:21 | Create | Villager (Male) |
| 2:21 | Create | Villager (Male) |
| 2:38 | Create | Villager (Male) |
| 2:38 | Create | Villager (Male) |
| 3:10 | Create | Villager (Male) |
| 3:10 | Create | Villager (Male) |
| 3:31 | Create | Villager (Male) |
| 3:31 | Create | Villager (Male) |
| 3:50 | Build | House |
| 3:51 | Build | House |
| 3:56 | Create | Villager (Male) |
| 3:57 | Create | Villager (Male) |
| 4:15 | Create | Villager (Male) |
| 4:15 | Create | Villager (Male) |
| 4:29 | Create | Villager (Male) |
| 4:29 | Create | Villager (Male) |
| 4:56 | Create | Villager (Male) |
| 4:56 | Create | Villager (Male) |
| 5:14 | Build | Barracks |
Build order — Sir Monkey
24 actions detected in the replay
| 0:00 | Create | Villager (Male) |
| 0:01 | Create | Villager (Male) |
| 0:02 | Build | House |
| 0:03 | Build | House |
| 0:29 | Create | Villager (Male) ×2 |
| 0:29 | Create | Villager (Male) ×2 |
| 1:17 | Create | Villager (Male) |
| 1:17 | Create | Villager (Male) |
| 1:59 | Create | Villager (Male) |
| 2:10 | Build | Lumber Camp |
| 2:13 | Create | Villager (Male) |
| 2:14 | Create | Villager (Male) |
| 2:39 | Create | Villager (Male) |
| 2:39 | Create | Villager (Male) |
| 2:39 | Create | Villager (Male) |
| 3:29 | Build | House |
| 3:31 | Build | House |
| 3:47 | Create | Villager (Male) |
| 3:47 | Create | Villager (Male) |
| 3:48 | Create | Villager (Male) |
| 3:48 | Create | Villager (Male) |
| 4:00 | Build | House |
| 5:04 | Create | Villager (Male) |
| 5:05 | Create | Villager (Male) |
Build order — PoliteOil
6 actions detected in the replay
| 0:03 | Build | House |
| 0:04 | Build | House |
| 0:09 | Create | Villager (Male) |
| 0:10 | Create | Villager (Male) |
| 0:10 | Create | Villager (Male) |
| 0:16 | Create | Villager (Male) |
Build order — PEPPA
12 actions detected in the replay
| 0:01 | Create | Villager (Male) |
| 0:02 | Create | Villager (Male) |
| 0:02 | Create | Villager (Male) |
| 0:02 | Create | Villager (Male) |
| 0:03 | Build | House |
| 0:04 | Build | House |
| 0:47 | Create | Villager (Male) |
| 0:47 | Create | Villager (Male) |
| 0:47 | Create | Villager (Male) |
| 1:46 | Create | Villager (Male) |
| 1:47 | Create | Villager (Male) |
| 1:47 | Create | Villager (Male) |
Match timeline
| 1:02 | JERRY · resign |
| 5:14 | -Syrus Neu- · first_building Barracks |
[ AI ANALYSIS · 1 CREDIT ]
What really happened in this match?
Wolo.gg analyzes every decision: build order, eco, micro, common mistakes by bracket. Personalized analysis on WhatsApp or Discord in 30 seconds.
Civ guide
Italians
Perfil
Jugador #18743261